 Dungeon Crawl Stone Soup version 0.26.1-2-gb8aa6d0cf2 (webtiles) character file.

Game seed: 10243753743336840652

15 Groucho the Sneak (level 2, -2/13 HPs)
             Began as a Spriggan Enchanter on Feb 24, 2021.
             Slain by a kobold
             ... wielding a +0 short sword
              (5 damage)
             ... on level 1 of the Dungeon.
             The game lasted 00:00:51 (527 turns).

Groucho the Sneak (Spriggan Enchanter)               Turns: 527, Time: 00:00:51

Health: -2/13      AC:  2    Str:  4    XL:     2   Next: 34%
Magic:  7/7        EV: 18    Int: 16    God:
Gold:   18         SH:  0    Dex: 16    Spells: 6/7 levels left

rFire    . . .     SeeInvis +   a - +1 dagger
rCold    . . .     Faith    .   (shield restricted)
rNeg     . . .     Spirit   .   b - +0 robe
rPois    .         Reflect  .   (helmet restricted)
rElec    .         Harm     .   (no cloak)
rCorr    .         Rampage  .   (gloves unavailable)
Will     .....                  (boots unavailable)
Stlth    +++.......             (no amulet)
HPRegen  0.04/turn              (no ring)
MPRegen  0.10/turn              (no ring)

@: very quick
A: very small, unfitting armour, see invisible, speed 3
a: no special abilities


You were on level 1 of the Dungeon.
You visited 1 branch of the dungeon, and saw 1 of its levels.

You collected 18 gold pieces.

Inventory:

Hand Weapons
 a - a +1 dagger (weapon)
Armour
 b - a +0 robe (worn)
Scrolls
 c - a scroll of remove curse {unknown}
Potions
 d - a potion of brilliance {unknown}


   Skills:
 + Level 1.1 Short Blades
 + Level 3.3 Dodging
 + Level 4.9 Stealth
 + Level 3.0 Spellcasting
 + Level 3.8 Hexes


You had 6 spell levels left.
You knew the following spells:

 Your Spells              Type           Power        Failure   Level
a - Corona                Hex            15%          3%          1

Your spell library contained the following spells:

 Spells                   Type           Power        Failure   Level
 Confusing Touch          Hex            14%          12%         3
 Tukima's Dance           Hex            14%          12%         3
 Ensorcelled Hibernation  Hex/Ice        16%          13%         2
 Dazzling Flash           Conj/Hex       16%          26%         3


Dungeon Overview and Level Annotations

Branches:
Dungeon (1/15)

Altars:


Innate Abilities, Weirdness & Mutations

You are very small and have problems with some larger weapons.
You are too small for most types of armour.
You have supernaturally acute eyesight. (SInv)
You cover ground extremely quickly.


Message History

The bat is heavily wounded.
The bat misses you.
The kobold throws a stone.
The stone hits you.
You hit the bat.
You kill the bat!
The kobold throws a stone.
The stone hits you but does no damage.
The kobold hits you with a +0 short sword.
You barely miss the kobold. The kobold misses you.
You closely miss the kobold.
The kobold hits you with a +0 short sword.
* * * LOW HITPOINT WARNING * * *
You are too injured to fight recklessly!
You are too injured to fight recklessly!
You are too injured to fight recklessly!
You closely miss the kobold. The kobold closely misses you.
You hit the kobold but do no damage. The kobold closely misses you.
You closely miss the kobold. The kobold completely misses you.
You hit the kobold but do no damage. The kobold hits you but does no damage.
You closely miss the kobold.
The kobold hits you with a +0 short sword.
You die...

#. #.# #######.#### #.
#..........########...
#...................#
#..........####.....#
#..$..[....# #.###.#
#..........# #.# #
#...K@.(...# #.#
#.....†....# #.#
############ #.# .#
################.######
#.####.........)............
#...........#########.#####.
#...........# ....
######...........# ......#
.....#[..........# .......#


You could see a kobold.

Vanquished Creatures
  2 dart slugs (D:1)
  A leopard gecko (D:1)
  A hobgoblin (D:1)
  2 kobolds (D:1)
  2 bats (D:1)
  A goblin (D:1)
  A rat (D:1)
10 creatures vanquished.

Notes
Turn   | Place    | Note
-------+----------+-------------------------------------------
     0 | D:1      | Groucho the Spriggan Enchanter began the quest for the Orb.
     0 | D:1      | Reached XP level 1. HP: 9/9 MP: 5/5
   385 | D:1      | Reached XP level 2. HP: 13/13 MP: 7/7
   527 | D:1      | Slain by a kobold

Illustrated notes

Levels and vault maps discovered:
D:1:      dpeg_arrival_boxorama, layout_basic

Skill      XL: |  1 |
---------------+----+-----
Spellcasting   | 3 |  3.0
Short Blades   | |  1.1
Dodging        | |  3.3
Stealth        | |  4.9
Hexes          | |  3.8

Action                   || total
-------------------------++-------
Melee: Dagger            ||    46
 Stab: Sleeping          ||     3
Armor: Robe              ||     5
Dodge: Dodged            ||    27
